 Dungeon Crawl Stone Soup version 0.28-a0-382-g33c4956463 (webtiles) character file.

Game seed: 3274681101101042131

104785 McIrco the Severer (level 15, -2/141 HPs)
             Began as a Minotaur Fighter on Sept 2, 2021.
             Was an Initiate of Gozag.
             Hit by a javelin thrown by a merfolk javelineer (13 damage)
             ... on level 2 of the Shoals.
             The game lasted 00:44:45 (31176 turns).

McIrco the Severer (Minotaur Fighter)              Turns: 31176, Time: 00:44:45

Health: -2/141     AC: 21    Str: 30    XL:     15   Next: 92%
Magic:  14/14      EV: 13    Int:  5    God:    Gozag
Gold:   5963       SH: 23    Dex: 11    Spells: 14/14 levels left

rFire   + . .      SeeInvis +   b - +6 broad axe (venom)
rCold   . . .      Faith    .   I - +0 tower shield
rNeg    + . .      Spirit   .   y - quicksilver dragon scales
rPois   .          Reflect  +   (helmet restricted)
rElec   .          Harm     .   W - +2 cloak
rCorr   .          Rampage  .   J - +0 pair of gloves
Will    +....                   K - +1 pair of boots {Fly}
Stlth   ++........              c - amulet of reflection
HPRegen 0.33/turn               C - ring "Alucvuz" {Fire rN+ Will- Str+4 SInv}
MPRegen 0.14/turn               Y - ring of protection from cold

@: engulfed (cannot breathe), gold aura, flying, mesmerised
A: horns 2, retaliatory headbutt
a: Renounce Religion, Potion Petition, Call Merchant, Bribe Branch


You were on level 2 of the Shoals.
You worshipped Gozag.
Gozag was greatly pleased with you.
You visited 4 branches of the dungeon, and saw 24 of its levels.
You also visited: Bailey.

You collected 6420 gold pieces.
You spent 247 gold pieces at shops.
You paid 210 gold pieces to Gozag.

Inventory:

Hand Weapons
 a - a +3 scimitar of flaming
 b - a +6 broad axe of venom (weapon)
 S - a +1 broad axe
Missiles
 p - 17 curare-tipped darts
 q - 94 poisoned darts
Armour
 y - quicksilver dragon scales (worn)
 I - a +0 tower shield (worn)
 J - a +0 pair of gloves (worn)
 K - a +1 pair of boots of flying (worn)
 W - a +2 cloak (worn)
Jewellery
 c - an amulet of reflection (around neck)
 C - the ring "Alucvuz" (left hand) {Fire rN+ Will- Str+4 SInv}
   (You found it on level 7 of the Dungeon)

   [ring of fire]

   It enhances your fire magic.
   Str:       It affects your strength (+4).
   rF:        It protects you from fire.
   rC:        It makes you vulnerable to cold.
   rN:        It protects you from negative energy.
   SInv:      It lets you see invisible.
   Will:      It decreases your willpower.
 F - a ring of protection from fire
 L - a ring of poison resistance
 U - a ring of resist corrosion
 Y - a ring of protection from cold (right hand)
Wands
 u - a wand of flame (49)
 w - a wand of digging (3)
 B - a wand of paralysis (14)
 D - a wand of charming (17)
 E - a wand of iceblast (8)
 H - a wand of mindburst (17)
 O - a wand of acid (17)
 V - a wand of polymorph (10)
Scrolls
 f - 2 scrolls of fear
 g - 7 scrolls of identify
 h - 4 scrolls of amnesia
 i - a scroll of acquirement
 k - 2 scrolls of enchant armour
 m - a scroll of blinking
 o - 9 scrolls of teleportation
 s - 4 scrolls of fog
 A - 2 scrolls of magic mapping
 G - a scroll of holy word
 N - a scroll of torment {unknown}
 T - 6 scrolls of silence {unknown}
 Z - a scroll of enchant weapon
Potions
 d - 3 potions of might
 e - 6 potions of brilliance
 j - a potion of heal wounds
 l - 2 potions of cancellation
 n - 5 potions of resistance
 r - 6 potions of lignification
 t - 2 potions of berserk rage
 z - 3 potions of invisibility
 M - 4 potions of attraction
 P - 7 potions of curing
 Q - 3 potions of haste
 R - 3 potions of flight
 X - a potion of degeneration {unknown}
Miscellaneous
 v - a lightning rod (4/4) (quivered)
 x - a tin of tremorstones (1/2)


   Skills:
 + Level 15.4 Fighting
 + Level 19.1 Axes
 + Level 1.5 Throwing
 + Level 11.6 Armour
 + Level 10.5 Dodging
 + Level 4.9 Stealth
 + Level 14.9 Shields
 + Level 3.1 Evocations


You had 14 spell levels left.
You didn't know any spells.
Your spell library contained the following spells:

 Spells                   Type           Power      Damage    Failure   Level
 Apportation              Tloc           0%         N/A       95%         1
 Corona                   Hex            0%         N/A       95%         1
 Foxfire                  Conj/Fire      0%         2x1d4     95%         1
 Magic Dart               Conj           0%         1d3       95%         1
 Pain                     Necr           0%         1d4       95%         1
 Sting                    Tmut/Pois      0%         1d3       95%         1
 Call Imp                 Summ           0%         N/A       98%         2
 Ensorcelled Hibernation  Hex/Ice        0%         N/A       98%         2
 Poisonous Vapours        Pois/Air       0%         N/A       98%         2
 Slow                     Hex            0%         N/A       98%         2
 Call Canine Familiar     Summ           0%         N/A       100%        3
 Confusing Touch          Hex            0%         N/A       100%        3
 Conjure Flame            Conj/Fire      0%         6-21      100%        3
 Frozen Ramparts          Ice            0%         1d2       100%        3
 Inner Flame              Hex/Fire       0%         N/A       100%        3
 Mephitic Cloud           Conj/Pois/Air  0%         N/A       100%        3
 Ozocubu's Armour         Ice            0%         N/A       100%        3
 Portal Projectile        Hex/Tloc       0%         N/A       100%        3
 Tukima's Dance           Hex            0%         N/A       100%        3
 Animate Dead             Necr           0%         N/A       100%        4
 Hailstorm                Conj/Ice       0%         3d3       100%        4
 Ice Form                 Ice/Tmut       0%         N/A       100%        4
 Leda's Liquefaction      Hex/Erth       0%         N/A       100%        4
 Olgreb's Toxic Radiance  Pois           0%         N/A       100%        4
 Summon Ice Beast         Ice/Summ       0%         N/A       100%        4
 Agony                    Necr           0%         N/A       100%        5
 Alistair's Intoxication  Tmut/Pois      0%         N/A       100%        5
 Borgnjor's Vile Clutch   Necr/Erth      0%         N/A       100%        5
 Excruciating Wounds      Necr           0%         N/A       100%        5
 Metabolic Englaciation   Hex/Ice        0%         N/A       100%        5
 Yara's Violent Unravell  Hex/Tmut       0%         3d3       100%        5
 Death Channel            Necr           0%         N/A       100%        6
 Eringya's Noxious Bog    Tmut/Pois      0%         N/A       100%        6
 Invisibility             Hex            0%         N/A       100%        6
 Simulacrum               Ice/Necr       0%         N/A       100%        6
 Ozocubu's Refrigeration  Ice            0%         4d5       100%        7
 Polar Vortex             Ice            0%         N/A       100%        9


Dungeon Overview and Level Annotations

Branches:
Dungeon (15/15)            Temple (1/1) D:7            Lair (6/6) D:10
 Shoals (2/4) Lair:4       Spider (0/4) Lair:2        Slime (0/5) Lair:5
    Orc (0/2) D:10         Vaults (0/5) D:13         Depths (0/5) D:15
 Bailey (visited)

Altars:
Ashenzari
Cheibriados
Dithmenos
Elyvilon
Fedhas
Gozag
Hepliaklqana
Kikubaaqudgha
Makhleb
Nemelex Xobeh
Okawaru
Qazlal
Ru
Sif Muna
Trog
Uskayaw
Vehumet
Wu Jian
Xom
Yredelemnul
Zin
The Shining One
Beogh

Shops:
D:9 [   D:10 *   D:15 :

Portals:
Trove: D:14 (give 2 scrolls of acquirement)

Annotations:
D:11 exclusions: oklob plant and oklob sapling
Shoals:2 Ilsuiw


Innate Abilities, Weirdness & Mutations

You have a pair of horns on your head.
You reflexively headbutt those who attack you in melee.


Message History

The merfolk impaler hits you with a +0 trident!
* * * LOW HITPOINT WARNING * * *
Unknown command.
Unknown command.
Okay, then.
Unknown command.
The tremorstone explodes into fragments!
The burst of rock shards engulfs the plant!!
The plant begins to die.
The burst of rock shards engulfs the plant!!
The plant begins to die.
The burst of rock shards engulfs the plant!!
The plant begins to die.
The burst of rock shards engulfs the merfolk javelineer!
The burst of rock shards engulfs the plant!
The plant begins to die.
The burst of rock shards engulfs the plant!!
The plant begins to die.
The burst of rock shards engulfs the plant!!
The plant begins to die.
The burst of rock shards engulfs the plant!!
The plant begins to die.
The burst of rock shards engulfs the water elemental!
The burst of rock shards engulfs the plant!!
The burst of rock shards engulfs the merfolk javelineer!
The burst of rock shards engulfs the plant!! x2
The burst of rock shards engulfs the merfolk!!
You kill the merfolk!
The burst of rock shards engulfs the plant!!
The burst of rock shards engulfs you but does no damage.
The burst of rock shards engulfs the water elemental!
* * * LOW HITPOINT WARNING * * *
Your lungs strain for air!
You hear a shout!
You block the water elemental's attack. The merfolk impaler barely misses you.
The merfolk siren chants its luring song.
The merfolk javelineer throws a javelin.
The javelin pierces through you!
You die...
Your body crumbles into a pile of gold.

≈≈≈≈≈.≈≈≈ ...≈≈
≈≈≈≈≈≈≈≈≈P.PP.. ...≈≈
≈≈≈≈≈≈≈≈≈.PPP.. ....≈≈
≈≈≈≈≈≈≈≈..P≈P.# ..≈...
≈≈≈≈≈≈≈≈..P.P.####..≈≈..
≈≈≈≈.≈....PP..m.....≈≈≈≈
≈≈≈≈≈..#.PPPPP..$mm..≈≈≈
≈≈≈≈≈.....PPP...@#
≈≈≈≈≈....P.....E##
≈≈≈≈≈........!.E.#
≈≈≈≈≈...##..........
≈≈≈≈....###..........#
≈≈≈....## ##.##.##.m.#
......## ..#### #...#
....<..# .... ≈≈..
#####..# .....≈ ≈≈≈


You could see a merfolk impaler, a merfolk javelineer, 2 water elementals and a
merfolk siren (mesmerising).

Vanquished Creatures
  An orc warlord (Bailey)
  2 very ugly things
  2 dire elephants
  Snorg (D:10)
  The ghost of Mexzic the Blocker, a journeyman TeCj of Vehumet (Lair:4)
  A merfolk impaler (Shoals:2)
  Harold (D:11)
  4 boulder beetles
  5 hydras
  3 rakshasas
  An ogre mage (D:15)
  10 two-headed ogres
  3 centaur warriors
  A tengu warrior (D:13)
  4 death yaks (Lair:6)
  Urug (D:12)
  2 sea snakes (Shoals:1)
  A glowing orange brain (D:15)
  2 wizards (D:14)
  Pikel (D:7)
  An orb spider (Lair:2)
  A deep elf pyromancer (D:15)
  4 harpies (Shoals:1)
  6 manticores
  7 fauns (Shoals:1)
  An orc knight (Bailey)
  16 ugly things
  8 cyclopes
  2 black mambas
  6 merfolk sirens
  34 elephants
  2 vault sentinels (D:8)
  A gargoyle (D:11)
  Joseph (Lair:1)
  12 cane toads
  An ice statue (Lair:4)
  3 kobold demonologists
  2 rime drakes
  Maggie (D:8)
  A freezing wraith (D:15)
  10 komodo dragons
  An efreet (D:14)
  2 trolls
  3 polar bears (Lair:6)
  14 blink frogs
  4 merfolk
  A wind drake (Shoals:1)
  6 hornets
  A polar bear (shapeshifter) (D:15)
  6 dream sheep
  A meliai zombie (D:11)
  A vampire (D:10)
  Sigmund (D:6)
  6 water elementals
  13 spriggans
  A centaur simulacrum (D:14)
  28 yaks
  A shadow (D:9)
  7 basilisks
  4 wraiths
  A wyvern (Lair:5)
  Grum (D:10)
  8 vampire mosquitoes
  2 steam dragons
  2 acid dragons
  16 water moccasins
  24 orc warriors
  A hornet zombie (D:8)
  7 black bears
  A necrophage (D:7)
  30 wolves
  2 ogres (D:5)
  8 centaurs
  5 boggarts (Lair:6)
  5 kobold brigands
  Blork the orc (D:5)
  20 bullfrogs
  3 gnoll sergeants
  A wyvern zombie (D:6)
  2 scorpions
  9 killer bees
  12 wights
  7 electric eels
  7 howler monkeys
  3 bullfrog zombies (D:6)
  3 centaur zombies
  2 hounds
  6 jellies
  11 orc priests
  A gnoll shaman (D:4)
  Jessica (D:3)
  7 iguanas
  Natasha (thrice) (D:3)
  12 orc wizards
  A killer bee zombie (D:8)
  30 gnolls
  9 adders
  A shadow imp (D:5)
  4 white imps
  A worm (D:2)
  A dart slug (D:3)
  69 orcs
  17 ball pythons
  5 bats
  6 endoplasms
  A giant cockroach (D:1)
  23 goblins
  22 hobgoblins
  10 kobolds
  3 quokkas
  3 frilled lizards (D:3)
  4 rats (D:3)
  A bush (Lair:6)
703 creatures vanquished.

Vanquished Creatures (others)
  2 slime creatures (D:15)
  2 orcs
  A bush (D:11)
  24 fungi
  25 plants
54 creatures vanquished.

Grand Total: 757 creatures vanquished

Notes
Turn   | Place    | Note
-------+----------+-------------------------------------------
     0 | D:1      | McIrco the Minotaur Fighter began the quest for the Orb.
     0 | D:1      | Reached XP level 1. HP: 19/19 MP: 0/0
   370 | D:1      | Reached XP level 2. HP: 27/27 MP: 1/1
   906 | D:2      | Reached XP level 3. HP: 34/34 MP: 2/2
  1342 | D:3      | Noticed a scorpion
  1538 | D:3      | Killed a scorpion
  1539 | D:3      | Reached skill level 3 in Axes
  1539 | D:3      | Reached skill level 5 in Armour
  1539 | D:3      | Reached XP level 4. HP: 37/41 MP: 3/3
  1601 | D:3      | Noticed Natasha
  1609 | D:3      | Killed Natasha
  1610 | D:3      | Reached skill level 4 in Axes
  1610 | D:3      | Reached XP level 5. HP: 38/47 MP: 4/4
  1767 | D:3      | Noticed Jessica
  1779 | D:3      | Killed Jessica
  1947 | D:3      | Found a shimmering blue altar of Sif Muna.
  1996 | D:3      | Noticed Natasha
  2004 | D:3      | Killed Natasha
  2005 | D:3      | Reached skill level 1 in Dodging
  2059 | D:3      | Noticed Natasha
  2063 | D:3      | Killed Natasha
  2064 | D:3      | Reached skill level 5 in Fighting
  2064 | D:3      | Reached XP level 6. HP: 55/56 MP: 5/5
  2112 | D:3      | Found a faded altar of an unknown god.
  2394 | D:4      | Reached skill level 5 in Axes
  2787 | D:4      | Noticed an orc warrior
  2791 | D:4      | Reached XP level 7. HP: 47/61 MP: 6/6
  3097 | D:5      | Entered Level 5 of the Dungeon
  3574 | D:4      | HP: 2/61 [orc warrior (20)]
  3631 | D:4      | HP: 2/61 [goblin/puff of flame (11)]
  4274 | D:4      | Reached skill level 6 in Axes
  4815 | D:5      | Noticed Blork the orc
  4822 | D:5      | Killed Blork the orc
  4907 | D:5      | Identified the +0 robe of Werysigu {rF+}
  5002 | D:5      | Reached skill level 5 in Shields
  5002 | D:5      | Reached XP level 8. HP: 58/70 MP: 7/7
  5194 | D:5      | Reached skill level 7 in Axes
  5871 | D:6      | Reached skill level 8 in Axes
  5926 | D:6      | Found a basalt altar of Yredelemnul.
  6058 | D:6      | Noticed Sigmund
  6079 | D:6      | Killed Sigmund
  6130 | D:6      | Reached skill level 9 in Axes
  6310 | D:6      | Reached XP level 9. HP: 74/79 MP: 8/8
  6611 | D:7      | Noticed Pikel
  6615 | D:7      | Killed Pikel
  6634 | D:7      | Reached skill level 10 in Axes
  6672 | D:7      | Found a flagged portal.
  6681 | Bailey   | Entered a bailey
  6886 | Bailey   | Reached skill level 1 in Stealth
  7050 | Bailey   | Noticed an orc knight
  7061 | Bailey   | Killed an orc knight
  7062 | Bailey   | Reached skill level 11 in Axes
  7382 | Bailey   | Noticed an orc warlord
  7400 | Bailey   | Killed an orc warlord
  7401 | Bailey   | Reached XP level 10. HP: 25/90 MP: 9/9
  7405 | Bailey   | Reached skill level 1 in Evocations
  7423 | Bailey   | HP: 1/90 [orc warrior (12)]
  7428 | Bailey   | Reached skill level 12 in Axes
  7809 | Bailey   | Reached skill level 5 in Dodging
  7915 | Bailey   | Identified the +1 scale mail of Omnisit {Fly Int+3 Dex-5}
  7953 | D:7      | Noticed a manticore
  7966 | D:7      | Killed a manticore
  8438 | D:7      | Identified the ring "Alucvuz" {Fire rN+ Will- Str+4 SInv}
  8526 | D:7      | Noticed a cyclops
  8540 | D:7      | Killed a cyclops
  8990 | D:7      | Found a staircase to the Ecumenical Temple.
  9009 | Temple   | Entered the Ecumenical Temple
  9980 | D:8      | Noticed Maggie
 10428 | D:8      | Killed Maggie
 10429 | D:8      | Reached XP level 11. HP: 59/97 MP: 10/10
 10731 | D:8      | Found an opulent altar of Gozag.
 10763 | D:8      | Became a worshipper of Gozag Ym Sagoz the Greedy
 10774 | D:8      | Identified the +8 war axe of Duty {freeze, rF- rC- Str+6
                  | SInv}
 10874 | D:8      | Found a broken altar of Ashenzari.
 10875 | D:8      | Found a hazy altar of Hepliaklqana.
 10883 | D:8      | Found a shadowy altar of Dithmenos.
 10883 | D:8      | Found a sacrificial altar of Ru.
 10937 | D:8      | Found a large runed translucent door.
 10938 | D:8      | Found a large runed translucent door.
 11063 | D:8      | Reached skill level 13 in Axes
 11130 | D:8      | Found the +18 shield of the Gong {rElec rN+ Will+ EV-5}
 11187 | D:8      | Found a bloodstained altar of Trog.
 11449 | D:9      | Noticed a two-headed ogre
 11457 | D:9      | Killed a two-headed ogre
 11925 | D:8      | Found a snail-covered altar of Cheibriados.
 11965 | D:8      | Found a shimmering altar of Xom.
 11994 | D:9      | Found Ikatwydo's Armour Emporium.
 12022 | D:9      | Reached skill level 10 in Fighting
 12152 | D:9      | Bought a +1 pair of boots of flying for 247 gold pieces
 12698 | D:10     | Entered Level 10 of the Dungeon
 12705 | D:10     | Identified the +5 ring mail "Anlag" {rF+ Dex+2}
 12775 | D:10     | Found Fymeacw's Changing Room.
 12837 | D:10     | Found a staircase to the Orcish Mines.
 12973 | D:10     | Noticed a two-headed ogre
 12980 | D:10     | Killed a two-headed ogre
 13107 | D:10     | Found a staircase to the Lair.
 13245 | D:10     | Noticed Grum
 13249 | D:10     | Killed Grum
 13257 | D:10     | Reached skill level 14 in Axes
 13401 | D:11     | Noticed a two-headed ogre
 13412 | D:11     | Killed a two-headed ogre
 13415 | D:11     | Noticed Snorg
 13418 | D:11     | Noticed a two-headed ogre
 13448 | D:10     | Killed Snorg
 13449 | D:10     | Reached skill level 10 in Shields
 13774 | D:10     | Reached XP level 12. HP: 54/108 MP: 11/11
 14046 | D:11     | Killed a two-headed ogre
 14370 | D:11     | Noticed Harold
 14379 | D:11     | Killed Harold
 14718 | D:12     | Noticed Urug
 14747 | D:12     | Killed Urug
 15526 | D:12     | Reached skill level 15 in Axes
 15963 | D:13     | Noticed a centaur warrior
 15970 | D:13     | Killed a centaur warrior
 16113 | D:13     | Noticed an eight-headed hydra
 16117 | D:13     | Noticed a centaur warrior
 16118 | D:13     | Noticed a rakshasa
 16367 | D:13     | Found a gate to the Vaults.
 16455 | D:13     | Killed a rakshasa
 16500 | D:13     | Killed an eight-headed hydra
 16539 | D:13     | Reached skill level 10 in Armour
 16649 | D:13     | Killed a centaur warrior
 16689 | D:13     | Noticed a tengu warrior
 16698 | D:13     | Killed a tengu warrior
 16959 | D:13     | Reached XP level 13. HP: 109/117 MP: 12/12
 18164 | D:14     | Found a portal to a secret trove of treasure.
 18227 | D:14     | Reached skill level 1 in Throwing
 18240 | D:14     | Reached skill level 16 in Axes
 18520 | D:14     | Noticed a purple very ugly thing
 18537 | D:14     | Killed a purple very ugly thing
 18629 | D:14     | Got the Tome of Ice
 18898 | D:15     | Entered Level 15 of the Dungeon
 19939 | D:15     | Found Kuis's Book Boutique.
 20062 | D:15     | Found a hazy altar of Hepliaklqana.
 20203 | D:15     | Reached skill level 17 in Axes
 20203 | D:15     | Reached XP level 14. HP: 90/127 MP: 9/13
 20427 | D:15     | Noticed a cyan very ugly thing
 20488 | D:15     | Killed a cyan very ugly thing
 20860 | D:15     | Found a staircase to the Depths.
 21226 | Lair:1   | Entered Level 1 of the Lair of Beasts
 21818 | Lair:1   | Noticed Joseph
 21845 | Lair:1   | Killed Joseph
 23923 | Lair:2   | Found a hole to the Spider Nest.
 24793 | Lair:3   | Reached skill level 18 in Axes
 26260 | Lair:4   | Found a staircase to the Shoals.
 26409 | Lair:4   | Found a runed translucent gate.
 26409 | Lair:4   | Found a runed translucent gate.
 26409 | Lair:4   | Found a runed translucent gate.
 26409 | Lair:4   | Noticed Mexzic's ghost (journeyman TeCj)
 26479 | Lair:4   | Reached XP level 15. HP: 138/138 MP: 14/14
 27510 | Lair:4   | Killed Mexzic's ghost
 27697 | Lair:5   | Reached skill level 10 in Dodging
 27835 | Lair:5   | Found a staircase to the Slime Pits.
 28780 | Lair:6   | Entered Level 6 of the Lair of Beasts
 29319 | Lair:6   | Reached skill level 15 in Fighting
 30094 | Shoals:1 | Entered Level 1 of the Shoals
 30342 | Shoals:1 | Reached skill level 19 in Axes
 31157 | Shoals:2 | Noticed Ilsuiw
 31176 | Shoals:2 | Hit by a javelin thrown by a merfolk javelineer

Illustrated notes

Levels and vault maps discovered:
D:1:      dpeg_arrival_more_subterranean_lakeside_camping, layout_basic
D:2:      layout_rooms
D:3:      layout_basic, tgw_sif, ebering_ecumenical_altar_ruins,
          minmay_surrounded, uniq_natasha
D:4:      layout_loops_ring, serial_bayou_pond_d, minmay_misc_feat_chi,
          guppyfry_early_orc_mine
D:5:      layout_rooms, chequers_garden, uniq_blork_the_orc
D:6:      layout_rooms, nicolae_yredelemnul_corpse_copse, uniq_sigmund
D:7:      cheibrodos_two_vegetables, layout_basic,
          minmay_temple_entry_sparse_star, enter_bailey_8, minmay_between,
          uniq_pikel
D:8:      layout_basic, amcnicky_altar_gilded, mainiacjoe_overflow_boulevard,
          chequers_temple_overflow_statue_of_worship, jmf_multi_god_temple2,
          nicolae_lava_and_water, hellmonk_guarded_unrand_gong, uniq_maggie
D:9:      layout_cross, serial_shops, shop_fountains
D:10:     layout_irregular_city, lair_entry_dummy, david_orc_2,
          nicolae_transmutations_shop, minmay_misc_feat_roman, uniq_grum
D:11:     layout_rooms, introduction_to_nature_2, uniq_snorg, uniq_harold
D:12:     layout_roguey [special_room_orc], uniq_urug
D:13:     layout_irregular_city, minmay_misc_feat_columns,
          minmay_fractal_squares_5
D:14:     cheibrodos_breeding_chamber, layout_loops_ring,
          gauntlet_entry_generic, minmay_misc_feat_square, enter_trove_2,
          nicolae_underground_beach
D:15:     gammafunk_enter_depths_forms, layout_basic, serial_shops,
          nicolae_shop_waterfront, worldfamousw_hep_ancestral_shrine
Temple:   minmay_temple_bridge_abc
Lair:1:   layout_cave_pods, grunt_megastairs_2, uniq_joseph
Lair:2:   nzn_winding_woodlands_stair_trap [nzn_winding_woodlands_5x15_pool,
          nzn_winding_woodlands_5x15_parted, nzn_winding_woodlands_5x15_cabin,
          nzn_winding_woodlands_15x15_eel_pit,
          nzn_winding_woodlands_5x15_lazy_stream,
          nzn_winding_woodlands_5x15_river_crossing,
          nzn_winding_woodlands_5x15_pockets], layout_regular_city,
          nicolae_spider_entry_orb_guardian, serial_bayou_crossing
Lair:3:   mu_elephants_graveyard, layout_cave_pods
Lair:4:   statuecave_lemuel, layout_regular_city,
          minmay_shoals_entry_lonely_mermaid, ebering_ghost_rock_garden,
          grunt_megastairs_3
Lair:5:   beast_lair_carwin_large_1, layout_cave_pods,
          nicolae_slime_entry_slimehenge, chequers_serial_rivers_small_3,
          infiniplex_staircase_pool, serial_bayou_shore_a
Lair:6:   minmay_lair_end_enchanted_forest, layout_cave_pods, minivault_23,
          infiniplex_staircase_pool_2
Shoals:1: layout_shoals, nicolae_shoals_water_booths
Shoals:2: nicolae_shoals_lighthouse, layout_shoals, uniq_ilsuiw

Skill      XL: |  1  2  3  4  5  6  7  8  9 10 11 12 13 14 15 |
---------------+----------------------------------------------+-----
Armour         | 4 5 6 7 8 9 10 11 | 11.6
Fighting       | 4 5 7 8 9 10 11 12 14 15 | 15.4
Shields        | 4 5 7 8 10 11 12 13 14 | 14.9
Axes           | 3 4 5 6 9 11 12 14 15 17 18 19 | 19.1
Dodging        | 1 2 3 4 5 6 7 8 9 10 | 10.5
Stealth        | 1 2 3 4 |  4.9
Evocations     | 1 3 |  3.1
Throwing       | 1 |  1.5

Action                   |  1- 3 |  4- 6 |  7- 9 | 10-12 | 13-15 || total
-------------------------+-------+-------+-------+-------+-------++-------
Melee: War axe           |    67 |    97 |   292 |   505 |    23 ||   984
       Headbutt          |     8 |    17 |    65 |    98 |   247 ||   435
       Broad axe         |       |       |       |       |   871 ||   871
Throw: Dart              |       |       |     1 |       |     9 ||    10
Evoke: Wand              |       |       |    10 |    10 |    17 ||    37
       Tin of tremorston |       |       |       |       |     1 ||     1
  Use: Potion            |       |     2 |     3 |     8 |     2 ||    15
       Scroll            |       |       |    12 |     1 |    10 ||    23
 Stab: Distracted        |       |       |       |     4 |     7 ||    11
       Sleeping          |       |       |       |       |     3 ||     3
Armor: Scale mail        |    30 |    31 |    14 |       |       ||    75
       Skin              |       |    28 |       |       |       ||    28
       Quicksilver drago |       |       |    86 |   143 |   271 ||   500
       Plate armour      |       |       |     9 |       |       ||     9
Dodge: Dodged            |    30 |    27 |   121 |   172 |   306 ||   656
Block: Buckler           |    15 |    26 |    12 |       |       ||    53
       Kite shield       |       |       |   121 |   371 |   413 ||   905
       Tower shield      |       |       |       |       |   174 ||   174
       Reflection        |       |       |       |       |    16 ||    16

Table legend: (Time is in decaauts)
 A = Elapsed time spent in this place.
 B = Non-inter-level travel time spent in this place.
 C = Inter-level travel time spent in this place.
 D = Time resting spent in this place.
 E = Time spent auto-exploring this place.
 F = Levels seen in this place.
 G = Mean time per level.
                   A        B        C        D        E       F      G
               +--------+--------+--------+--------+--------+-----+--------+
         Total |  31164 |  29468 |   1696 |   3794 |  21334 |  25 | 1246.6 |
       Dungeon |  20288 |  19000 |   1288 |   3176 |  13060 |  15 | 1352.5 |
        Temple |    202 |    179 |     23 |      0 |    174 |   1 |  202.0 |
          Lair |   8327 |   7965 |    362 |      0 |   6891 |   6 | 1387.8 |
        Shoals |   1072 |   1051 |     21 |    231 |    612 |   2 |  536.0 |
        Bailey |   1274 |   1274 |      0 |    387 |    597 |   1 | 1274.0 |
               +--------+--------+--------+--------+--------+-----+--------+

Top non-repeatable levels by time:
     D:7: 2281 daAuts
     D:4: 1993 daAuts
    D:14: 1951 daAuts
  Lair:2: 1895 daAuts
    D:15: 1888 daAuts
     D:8: 1625 daAuts
    D:12: 1545 daAuts
  Lair:3: 1466 daAuts
    D:13: 1350 daAuts
  Lair:4: 1317 daAuts
    D:10: 1297 daAuts
  Bailey: 1274 daAuts
     D:5: 1258 daAuts
  Lair:6: 1256 daAuts
  Lair:1: 1201 daAuts
